 Dungeon Crawl Stone Soup version 0.27-a0-1196-g3e9cee4cb2 (webtiles) character file.

Game seed: 9751617775261749731

4 Kold the Sneak (level 1, 0/18 HPs)
             Began as a Demonspawn Delver on May 27, 2021.
             Slain by a hound (2 damage)
             ... on level 5 of the Dungeon.
             The game lasted 00:00:52 (378 turns).

Kold the Sneak (Demonspawn Delver)                   Turns: 378, Time: 00:00:52

Health: 0/18       AC:  3    Str: 12    XL:     1   Next: 58%
Magic:  1/1        EV: 11    Int: 11    God:
Gold:   37         SH:  0    Dex: 14    Spells: 0/0 levels left

rFire    . . .     SeeInvis .   a - +0 hand axe
rCold    . . .     Faith    .   (no shield)
rNeg     . . .     Spirit   .   b - +0 leather armour
rPois    .         Reflect  .   (no helmet)
rElec    .         Harm     .   (no cloak)
rCorr    .         Rampage  .   (no gloves)
Will     .....                  (no boots)
Stlth    ++........             (no amulet)
HPRegen  0.06/turn              (no ring)
MPRegen  0.07/turn              (no ring)

@: hasted, very quick
A: no striking features
a: no special abilities


You were on level 5 of the Dungeon.
You visited 1 branch of the dungeon, and saw 2 of its levels.

You collected 37 gold pieces.

Inventory:

Hand Weapons
 a - a +0 hand axe (weapon)
Armour
 b - a +0 leather armour (worn)
Wands
 g - a wand of digging (3)
Scrolls
 c - a scroll of fog
 d - a scroll of magic mapping


   Skills:
 + Level 3.1 Fighting
 + Level 1.9 Axes
 + Level 1.9 Dodging
 + Level 4.5 Stealth


You couldn't memorise any spells.
You didn't know any spells.
Your spell library was empty.

Dungeon Overview and Level Annotations

Branches:
Dungeon (6/15)             Temple (0/1) D:5

Altars:

Shops:
D:5 [

Annotations:
D:5 Sigmund


Message History

You barely miss the hound.
The hound is heavily wounded.
The hound bites you.
You barely miss the hound.
The hound is heavily wounded.
The hound bites you. x2
You barely miss the hound.
The hound is heavily wounded.
The hound bites you but does no damage.
You barely miss the hound.
The hound is heavily wounded.
The hound barely misses you.
You miss the hound.
The hound is heavily wounded.
The hound barely misses you.
You closely miss the hound.
The hound is heavily wounded.
The hound misses you. The hound closely misses you.
You hit the hound.
The hound is severely wounded.
The hound bites you.
* * * LOW HITPOINT WARNING * * *
You barely miss the hound.
The hound is severely wounded.
The hound bites you.
* * * LOW HITPOINT WARNING * * *
You closely miss the hound.
The hound is severely wounded.
The hound bites you but does no damage.
You miss the hound.
The hound is severely wounded.
The hound barely misses you.
You hit the hound.
The hound is almost dead.
The hound barely misses you. The hound bites you.
* * * LOW HITPOINT WARNING * * *
You miss the hound.
The hound is almost dead.
The hound bites you.
You die...

..........# ............#
...............#
..................#
....#.............#######
................(........
...#.#...................
................h........
..#.⌠.#.........@........
#.......#......∩..######@
..⌠.>.⌠...#.......#
#.......#.........#
..#.⌠.#..........(#
..)...h...........#
...#.#............#
..................#
....#..............+


You could see a hound.

Vanquished Creatures
  An orc (D:5)
  2 jackals (D:5)
3 creatures vanquished.

Notes
Turn   | Place    | Note
-------+----------+-------------------------------------------
     0 | D:5      | Kold the Demonspawn Delver began the quest for the Orb.
     0 | D:5      | Reached XP level 1. HP: 18/18 MP: 1/1
     7 | D:5      | Found Tentytib's Antique Armour Shop.
    23 | D:5      | Found a staircase to the Ecumenical Temple.
    27 | D:5      | Noticed a hound
   351 | D:5      | Noticed a hound
   360 | D:5      | Noticed Sigmund
   378 | D:5      | Slain by a hound

Illustrated notes

Levels and vault maps discovered:
D:5:      layout_basic, fedhas_altar_2, minmay_temple_entry_sparse_star,
          serial_shops, shop, uniq_sigmund
D:6:      layout_basic, lemuel_tele_altar, bloody_trog

Action                   || total
-------------------------++-------
Melee: Hand axe          ||    34
  Use: Scroll            ||     1
       Potion            ||     1
Armor: Leather armour    ||    11
Dodge: Dodged            ||    30

Table legend: (Time is in decaauts)
 A = Elapsed time spent in this place.
 B = Non-inter-level travel time spent in this place.
 C = Inter-level travel time spent in this place.
 D = Time resting spent in this place.
 E = Time spent auto-exploring this place.
 F = Levels seen in this place.
 G = Mean time per level.
                   A        B        C        D        E       F      G
               +--------+--------+--------+--------+--------+-----+--------+
         Total |    378 |    378 |      0 |    232 |     24 |   2 |  189.0 |
       Dungeon |    378 |    378 |      0 |    232 |     24 |   2 |  189.0 |
               +--------+--------+--------+--------+--------+-----+--------+

Top non-repeatable levels by time:
     D:5: 240 daAuts
     D:6: 138 daAuts
